 Dungeon Crawl Stone Soup version 0.28.0-53-g5a82cb258f (webtiles) character file.

Game seed: 8770213122090349464

8 uinsionn the Skirmisher (level 2, -2/26 HPs)
             Began as a Draconian Berserker on June 19, 2022.
             Was a Follower of Trog.
             Slain by a kobold
             ... wielding a +0 short sword
              (4 damage)
             ... on level 1 of the Dungeon.
             The game lasted 00:02:53 (161 turns).

uinsionn the Skirmisher (Draconian Berserker)        Turns: 161, Time: 00:02:54

Health: -2/26      AC:  4    Str: 19    XL:     2   Next: 0%
Magic:  2/2        EV: 12    Int:  7    God:    Trog [*.....]
Gold:   21         SH:  0    Dex: 10    Spells: 1/1 levels left

rFire   . . .      SeeInvis .   a - +0 falchion
rCold   . . .      Faith    .   (no shield)
rNeg    . . .      Spirit   .   (armour unavailable)
rPois   .          Reflect  .   (helmet restricted)
rElec   .          Harm     .   (no cloak)
rCorr   .          Rampage  .   (no gloves)
Will    .....                   (no boots)
Stlth   +.........              (no amulet)
HPRegen 0.08/turn               (no ring)
MPRegen 0.08/turn               (no ring)

@: no status effects
A: AC +4, unfitting armour, cold-blooded
a: Renounce Religion, Berserk


You were on level 1 of the Dungeon.
You worshipped Trog.
Trog was aware of your devotion.
You visited 1 branch of the dungeon, and saw 1 of its levels.

You collected 21 gold pieces.

Inventory:

Hand Weapons
 a - a +0 falchion (weapon)


   Skills:
 + Level 3.5 Fighting
 + Level 3.2 Long Blades
 + Level 2.8 Dodging


You had one spell level left.
You didn't know any spells.
Your spell library contained the following spells:

 Spells                   Type           Power      Damage    Failure   Level
 Sandblast                Erth           0%         2d4       43%         1
 Passwall                 Tmut/Erth      0%         N/A       56%         2
 Stone Arrow              Conj/Erth      0%         3d7       80%         3


Dungeon Overview and Level Annotations

Branches:
Dungeon (1/15)

Altars:


Innate Abilities, Weirdness & Mutations

Your plain brown scales are hard. (AC +4)
You cannot fit into any form of body armour.
You are cold-blooded and may be slowed by cold attacks.


Message History

The jackal bites you. The jackal barely misses you.
You hit the jackal.
You kill the jackal!
Trog accepts your kill.
The kobold throws a stone.
The stone barely misses you.
You barely miss the kobold. The kobold hits you with a +0 whip.
You miss the kobold. You miss the kobold. The kobold hits you with a +0 whip.
The kobold hits you but does no damage.
You hit the kobold.
The kobold is moderately wounded.
The kobold hits you with a +0 whip. The kobold closely misses you.
You closely miss the kobold.
The kobold is moderately wounded.
The kobold hits you with a +0 whip.
* * * LOW HITPOINT WARNING * * *
The kobold barely misses you.
You barely miss the kobold. You tail-slap the kobold.
The kobold is severely wounded.
The kobold hits you but does no damage. The kobold closely misses you.
You aren't carrying any potions.
You barely miss the kobold. Your punch misses the kobold.
The kobold is severely wounded.
The kobold misses you.
The kobold hits you with a +0 short sword.
* * * LOW HITPOINT WARNING * * *
The kobold barely misses you.
You slash the kobold!
You kill the kobold!
Trog accepts your kill. The kobold hits you but does no damage.
You have reached level 2!
You closely miss the kobold.
A hobgoblin comes into view.
The kobold hits you with a +0 short sword.
* * * LOW HITPOINT WARNING * * *
You barely miss the kobold.
The hobgoblin shouts!
The kobold hits you with a +0 short sword.
You die...

. .. #.# #K.
.##l..####
#.......g######
#..).###K#....#
#K. #@).#.## .
.# #####.####
.# #....# ..##
####.# ..## #.#
. #..# ###.#
#(. #..# #...#
#..###..#
♣♣♣.♣#
#......##♣.P.♣#


You could see a hobgoblin and a kobold.

Vanquished Creatures
  An endoplasm (D:1)
  A goblin (D:1)
  A hobgoblin (D:1)
  A jackal (D:1)
  A quokka (D:1)
  A kobold (D:1)
  A rat (D:1)
7 creatures vanquished.

Notes
Turn   | Place    | Note
-------+----------+-------------------------------------------
     0 | D:1      | uinsionn the Draconian Berserker began the quest for the
                  | Orb.
     0 | D:1      | Reached XP level 1. HP: 19/19 MP: 1/1
   160 | D:1      | Reached XP level 2. HP: 5/26 MP: 2/2
   161 | D:1      | Slain by a kobold

Illustrated notes

Levels and vault maps discovered:
D:1:      eino_arrival_cavern_a, layout_basic, serial_forest,
          infiniplex_forest_clump_tiny, infiniplex_forest_corner_1,
          infiniplex_forest_corner_1, infiniplex_forest_clump_small,
          infiniplex_forest_zigzag_1, infiniplex_forest_zigzag_1,
          infiniplex_forest_straight_5, minmay_vboxes

Action                   || total
-------------------------++-------
Melee: Falchion          ||    25
       Tailslap          ||     4
Armor: Skin              ||     6
Dodge: Dodged            ||    20
